Wild vs Oilers
Created - 11 mars 2015 at 23:22
Goals
|
| Wild |
1 |
1 |
0 |
0 |
2 |
| Oilers |
0 |
0 |
2 |
1 |
3 |
|
Shots
|
| Wild |
3 |
15 |
15 |
0 |
33 |
| Oilers |
9 |
8 |
18 |
3 |
38 |
|
1st period
1. Wild , Matt Moulson 11 (Vaclav Prospal, Alexei Kovalev) at 19:18
Penalties :
Scott Niedermayer (Edm) for Interference (Minor) at 14:29
2nd period
2. Wild , Greg Zanon 2 (R.J. Umberger, Chris Drury) at 10:33
Penalties :
Tomas Fleischmann (Edm) for Hooking (Minor) at 0:22, Glen Metropolit (Min) for High sticking (Minor) at 3:19, Tomas Fleischmann (Edm) for Hooking (Minor) at 7:20, Glen Metropolit (Min) for Hooking (Minor) at 19:25
3rd period
3. Oilers , Peter Regin 14 (Adam Burish) at 5:30
4. Oilers , Patrick Kane 43 (Ilya Kovalchuk, Christian Ehrhoff) at 18:41 (PP)
Penalties :
Pavel Datsyuk (Edm) for High sticking (Minor) at 5:58, Scott Niedermayer (Edm) for Holding Stick (Minor) at 9:31, Chris Drury (Min) for Holding (Minor) at 12:32, Greg Zanon (Min) for Hooking (Minor) at 18:12
Overtime #1
5. Oilers , Jonathan Toews 27 (Ilya Kovalchuk, Ian White) at 2:16
Penalties :
No Penalty
Goalie Stats
Martin Brodeur (Min), 35 saves from 38 shots - (0,921), OTL, 30-24-5, 62:16 minutes
Cam Ward (Edm), 31 saves from 33 shots - (0,939), W, 28-22-4, 62:16 minutes
Players Stats for Wild
Player Name G A P +/- PIM S H SB GA TA FO MP PP MP PK MP
------------------------------------------------------------------------------------
Alexei Kovalev 0 1 1 1 0 0 4 0 0 0 1/1 15:10 3:57 0:00
Anson Carter 0 0 0 0 0 6 0 0 0 0 0/0 8:26 0:00 0:00
Chris Drury 0 1 1 -1 2 4 1 0 0 1 14/33 23:17 5:58 2:37
Cody McLeod 0 0 0 0 0 2 2 0 0 0 0/0 10:26 0:00 2:00
Daniel Briere 0 0 0 -1 0 5 1 0 0 1 2/5 20:04 5:58 0:00
Fedor Tyutin 0 0 0 -2 0 1 1 3 1 0 0/0 24:14 5:57 0:31
Fredrik Modin 0 0 0 0 0 0 2 1 0 0 0/1 11:36 0:00 0:48
Glen Metropolit 0 0 0 0 4 1 0 0 0 0 3/10 12:54 0:00 1:31
Greg Zanon 1 0 1 2 2 1 0 2 0 1 0/0 23:10 3:58 2:23
Kristopher Letang 0 0 0 -2 0 1 0 0 0 1 0/0 26:35 5:57 2:23
Mark Eaton 0 0 0 2 0 3 1 1 0 0 0/0 24:07 3:58 3:32
Matt Moulson 1 0 1 1 0 1 2 0 0 1 0/0 15:00 3:57 0:00
Niklas Kronwall 0 0 0 0 0 2 0 0 0 0 0/0 11:03 0:00 0:00
Pascal Dupuis 0 0 0 0 0 2 4 2 1 0 0/0 14:57 0:00 3:35
R.J. Umberger 0 1 1 0 0 0 2 0 1 0 1/2 19:38 5:58 0:00
Rich Peverley 0 0 0 0 0 3 1 0 1 0 2/3 10:18 0:00 2:02
Toni Lydman 0 0 0 0 0 1 0 1 0 1 0/0 15:22 0:00 4:03
Vaclav Prospal 0 1 1 1 0 0 1 0 1 0 6/7 16:17 3:57 0:19
Players Stats for Oilers
Player Name G A P +/- PIM S H SB GA TA FO MP PP MP PK MP
------------------------------------------------------------------------------------
Adam Burish 0 1 1 -1 0 0 2 0 0 0 1/1 20:27 3:22 4:48
Christian Ehrhoff 0 1 1 1 0 0 0 1 0 2 0/0 27:49 3:26 4:40
Duncan Keith 0 0 0 -1 0 2 1 1 0 0 0/0 22:47 3:00 5:15
Eric Nystrom 0 0 0 -1 0 1 1 1 1 0 0/0 12:15 0:00 0:27
Ian White 0 1 1 1 0 0 2 1 1 1 0/0 27:40 3:26 4:40
Ilya Kovalchuk 0 2 2 0 0 2 2 0 1 0 2/4 17:51 3:22 1:07
Jonathan Toews 1 0 1 0 0 3 3 0 0 1 7/16 15:37 3:22 0:22
Lubos Bartecko 0 0 0 1 0 1 1 0 1 0 0/0 6:07 0:00 0:00
Olli Jokinen 0 0 0 -1 0 3 0 0 0 0 4/5 10:18 0:00 0:00
Patrick Kaleta 0 0 0 -1 0 0 0 0 1 0 0/1 10:18 0:00 0:00
Patrick Kane 1 0 1 0 0 7 0 1 1 1 1/1 18:15 3:04 0:00
Pavel Datsyuk 0 0 0 0 2 8 1 0 0 0 15/25 22:46 3:04 3:46
Peter Regin 1 0 1 1 0 4 2 0 0 0 3/8 11:09 0:00 4:40
Rob Scuderi 0 0 0 -1 0 1 2 0 0 0 0/0 17:52 0:00 5:15
Scott Niedermayer 0 0 0 0 4 3 2 2 0 0 0/0 17:54 3:00 0:00
Steve Begin 0 0 0 1 0 1 0 1 0 0 0/0 11:09 0:00 4:40
Steve Staios 0 0 0 0 0 1 1 1 0 0 0/0 11:41 0:00 0:00
Tomas Fleischmann 0 0 0 0 4 1 2 0 0 0 0/1 17:09 3:04 0:00
3 Stars
1 - Matt Moulson (Min)
2 - Peter Regin (Edm)
3 - Jonathan Toews (Edm)
Power Play
Wild - 0 on 5 Attempt(s) - 0,00%
Oilers - 1 on 4 Attempt(s) - 25,00%
Penalty Kill
Wild - 3 on 4 Attempt(s) - 75,00%
- Score 0 goal in Penalty Kill
Oilers - 5 on 5 Attempt(s) - 100,00%
- Score 0 goal in Penalty Kill
Team Stat
Wild - Hits : 22 - Faceoff Wins : 29 - Blocked Shots : 10 - Penalty Minutes : 8
Oilers - Hits : 22 - Faceoff Wins : 33 - Blocked Shots : 9 - Penalty Minutes : 10
Official
Referees : Banfield David and Walsh Ian
Linesman : David Brisebois and Tony Sericolo
Game Notes
No Game Note
Finance
Level 1 -- Attendance: 4538 (75,63%) -- Ticket Income 394 806 $
Level 2 -- Attendance: 3968 (79,36%) -- Ticket Income 210 304 $
Level 3 -- Attendance: 1593 (79,65%) -- Ticket Income 50 976 $
Level 4 -- Attendance: 3216 (80,40%) -- Ticket Income 67 536 $
Luxury Box -- Attendance: 922 (92,20%) -- Ticket Income 149 364 $
Game was played at the Rexall Place'
Total Attendance: 14237 (79,09%)
Total Ticket Income: 872 986 $
Other Income: 130 948 $
Total Income: 1 003 934 $
Wild
5 vs 5 Forward
Center Left Wing Right Wing Time % Phy DF OF
1 Chris Drury R.J. Umberger Daniel Briere 40 2 0 3
2 Vaclav Prospal Matt Moulson Alexei Kovalev 30 0 2 3
3 Glen Metropolit Fredrik Modin Pascal Dupuis 20 1 1 3
4 Rich Peverley Cody McLeod Anson Carter 10 2 1 2
5 vs 5 Defense
Defense Defense Time % Phy DF OF
1 Kristopher Letang Fedor Tyutin 45 0 4 1
2 Mark Eaton Greg Zanon 35 1 3 1
3 Toni Lydman Niklas Kronwall 20 1 3 1
4 Fedor Tyutin Kristopher Letang 0 1 3 1
PowerPlay Forward
Center Left Wing Right Wing Time % Phy DF OF
1 Chris Drury R.J. Umberger Daniel Briere 60 0 0 5
2 Vaclav Prospal Matt Moulson Alexei Kovalev 40 0 0 5
PowerPlay Defense
Defense Defense Time % Phy DF OF
1 Kristopher Letang Fedor Tyutin 60 0 2 3
2 Mark Eaton Greg Zanon 40 0 2 3
Penalty Kill 4 Players Forward
Center Wing Time % Phy DF OF
1 Glen Metropolit Pascal Dupuis 60 1 3 1
2 Fredrik Modin Rich Peverley 40 1 3 1
Penalty Kill 4 Players Defense
Defense Defense Time % Phy DF OF
1 Mark Eaton Toni Lydman 60 2 3 0
2 Greg Zanon Kristopher Letang 40 2 3 0
Penalty Kill - 3 Players Forward
Forward Time % Phy DF OF
1 Glen Metropolit 60 1 4 0
2 Pascal Dupuis 40 1 4 0
Penalty Kill - 3 Players Defense
Defense Defense Time % Phy DF OF
1 Mark Eaton Toni Lydman 60 2 3 0
2 Niklas Kronwall Greg Zanon 40 2 3 0
4 vs 4 Forward
Center Wing Time % Phy DF OF
1 Daniel Briere Chris Drury 60 1 1 3
2 Vaclav Prospal R.J. Umberger 40 1 1 3
4 vs 4 Defense
Defense Defense Time % Phy DF OF
1 Kristopher Letang Fedor Tyutin 60 1 3 1
2 Mark Eaton Greg Zanon 40 1 3 1
Last Minutes Offensive
Center Left Wing Right Wing Defense Defense
Chris Drury R.J. Umberger Daniel Briere Kristopher Letang Fedor Tyutin
Last Minutes Defensive
Center Left Wing Right Wing Defense Defense
Glen Metropolit Pascal Dupuis Rich Peverley Niklas Kronwall Mark Eaton
Goaltenders
Starting : Martin Brodeur
Backup : Julien Ellis
Extra Forwards
Normal : Chris Drury, Daniel Briere, Alexei Kovalev - PP : Chris Drury, Daniel Briere - PK : Glen Metropolit
Extra Defensemen
Normal : Kristopher Letang, Fedor Tyutin, Niklas Kronwall - PP : Kristopher Letang - PK : Fedor Tyutin, Mark Eaton
Penalty Shots
Daniel Briere, Chris Drury, Vaclav Prospal, R.J. Umberger, Alexei Kovalev
Oilers
5 vs 5 Forward
Center Left Wing Right Wing Time % Phy DF OF
1 Pavel Datsyuk Tomas Fleischmann Patrick Kane 40 1 2 2
2 Jonathan Toews Ilya Kovalchuk Adam Burish 35 1 2 2
3 Olli Jokinen Eric Nystrom Patrick Kaleta 16 1 2 2
4 Peter Regin Steve Begin Lubos Bartecko 9 1 2 2
5 vs 5 Defense
Defense Defense Time % Phy DF OF
1 Ian White Christian Ehrhoff 40 1 2 2
2 Duncan Keith Rob Scuderi 30 1 2 2
3 Scott Niedermayer Steve Staios 24 1 2 2
4 Duncan Keith Scott Niedermayer 6 1 2 2
PowerPlay Forward
Center Left Wing Right Wing Time % Phy DF OF
1 Pavel Datsyuk Tomas Fleischmann Patrick Kane 50 0 2 3
2 Jonathan Toews Ilya Kovalchuk Adam Burish 50 0 2 3
PowerPlay Defense
Defense Defense Time % Phy DF OF
1 Ian White Christian Ehrhoff 50 1 2 2
2 Duncan Keith Scott Niedermayer 50 1 2 2
Penalty Kill 4 Players Forward
Center Wing Time % Phy DF OF
1 Pavel Datsyuk Adam Burish 50 1 3 1
2 Peter Regin Steve Begin 50 1 3 1
Penalty Kill 4 Players Defense
Defense Defense Time % Phy DF OF
1 Ian White Christian Ehrhoff 50 1 3 1
2 Duncan Keith Rob Scuderi 50 1 3 1
Penalty Kill - 3 Players Forward
Forward Time % Phy DF OF
1 Pavel Datsyuk 50 1 4 0
2 Jonathan Toews 50 1 4 0
Penalty Kill - 3 Players Defense
Defense Defense Time % Phy DF OF
1 Ian White Christian Ehrhoff 50 1 4 0
2 Duncan Keith Rob Scuderi 50 1 4 0
4 vs 4 Forward
Center Wing Time % Phy DF OF
1 Pavel Datsyuk Patrick Kane 50 1 2 2
2 Jonathan Toews Ilya Kovalchuk 50 1 2 2
4 vs 4 Defense
Defense Defense Time % Phy DF OF
1 Ian White Christian Ehrhoff 50 1 2 2
2 Duncan Keith Scott Niedermayer 50 1 2 2
Last Minutes Offensive
Center Left Wing Right Wing Defense Defense
Pavel Datsyuk Ilya Kovalchuk Patrick Kane Ian White Duncan Keith
Last Minutes Defensive
Center Left Wing Right Wing Defense Defense
Pavel Datsyuk Ilya Kovalchuk Patrick Kane Ian White Duncan Keith
Goaltenders
Starting : Cam Ward
Backup : Sebastien Caron
Extra Forwards
Normal : Ilya Kovalchuk, Pavel Datsyuk, Patrick Kane - PP : Patrick Kaleta, Peter Regin - PK : Ilya Kovalchuk
Extra Defensemen
Normal : Duncan Keith, Christian Ehrhoff, Ian White - PP : Steve Staios - PK : Scott Niedermayer, Steve Staios
Penalty Shots
Ilya Kovalchuk, Patrick Kane, Pavel Datsyuk, Jonathan Toews, Olli Jokinen
% Time on Ice - Wild
Lines # - Real PCT - Wanted PCT - Time Play
Normal Forward
1 - 31% - 40% - 13:35
2 - 25% - 30% - 11:03
3 - 25% - 20% - 10:45
4 - 19% - 10% - 8:16
Normal Defense
1 - 42% - 45% - 18:13
2 - 35% - 35% - 15:26
3 - 23% - 20% - 10:00
4 - 0% - 0% - 0:00
PP Forward
1 - 60% - 60% - 5:58
2 - 40% - 40% - 3:57
PP Defense
1 - 60% - 60% - 5:57
2 - 40% - 40% - 3:58
PK Forward
1 - 92% - 60% - 5:54
2 - 8% - 40% - 0:32
PK Defense
1 - 63% - 60% - 4:03
2 - 37% - 40% - 2:23
PK3 Forward
1 - 0% - 60%
2 - 0% - 40%
PK3 Defense
1 - 0% - 60%
2 - 0% - 40%
44 Forward
1 - 60% - 60% - 1:21
2 - 40% - 40% - 0:55
44 Defense
1 - 38% - 60% - 0:52
2 - 62% - 40% - 1:24
Last Minute Offensive - 0:00
Last Minute Defensive - 0:00
Total
Forward - 62:16
Defense - 62:16
|
% Time on Ice - Oilers
Lines # - Real PCT - Wanted PCT - Time Play
Normal Forward
1 - 36% - 40% - 15:37
2 - 27% - 35% - 11:37
3 - 24% - 16% - 10:18
4 - 14% - 9% - 6:07
Normal Defense
1 - 41% - 40% - 18:00
2 - 29% - 30% - 12:40
3 - 27% - 24% - 11:41
4 - 3% - 6% - 1:18
PP Forward
1 - 48% - 50% - 3:04
2 - 52% - 50% - 3:22
PP Defense
1 - 53% - 50% - 3:26
2 - 47% - 50% - 3:00
PK Forward
1 - 53% - 50% - 5:15
2 - 47% - 50% - 4:40
PK Defense
1 - 47% - 50% - 4:40
2 - 53% - 50% - 5:15
PK3 Forward
1 - 0% - 50%
2 - 0% - 50%
PK3 Defense
1 - 0% - 50%
2 - 0% - 50%
44 Forward
1 - 76% - 50% - 1:44
2 - 24% - 50% - 0:32
44 Defense
1 - 35% - 50% - 0:47
2 - 65% - 50% - 1:29
Last Minute Offensive - 0:00
Last Minute Defensive - 0:00
Total
Forward - 62:16
Defense - 62:16
|
Play by Play
1st period
0:01 of 1st period - Chris Drury wins face-off versus Pavel Datsyuk in neutral zone.
1:48 of 1st period - Alexei Kovalev is hit by Rob Scuderi and loses puck.
2:29 of 1st period - Niklas Kronwall is hit by Steve Staios and loses puck.
2:36 of 1st period - Slapshot by Peter Regin.
2:36 of 1st period - Stopped by Martin Brodeur with a rebound.
2:50 of 1st period - Niklas Kronwall is hit by Tomas Fleischmann and loses puck.
2:59 of 1st period - Snap shot by Pavel Datsyuk.
2:59 of 1st period - Stopped by Martin Brodeur without a rebound.
3:00 of 1st period - Alexei Kovalev wins face-off versus Jonathan Toews in Wild zone.
3:48 of 1st period - Rob Scuderi is hit by Pascal Dupuis.
4:27 of 1st period - Duncan Keith is hit by Alexei Kovalev and loses puck.
4:48 of 1st period - Snap shot by Patrick Kane.
4:48 of 1st period - Deflect By Daniel Briere.
4:48 of 1st period - Stopped by Martin Brodeur with a rebound.
4:50 of 1st period - Snap shot by Duncan Keith.
4:50 of 1st period - Shot Blocked by Fedor Tyutin.
4:52 of 1st period - Backhand shot by Duncan Keith.
4:52 of 1st period - Stopped by Martin Brodeur with a rebound.
4:54 of 1st period - Slapshot by Rob Scuderi.
4:54 of 1st period - Shot Blocked by Fedor Tyutin.
4:56 of 1st period - Backhand shot by Rob Scuderi.
4:56 of 1st period - Stopped by Martin Brodeur with a rebound.
5:27 of 1st period - Greg Zanon is hit by Lubos Bartecko and loses puck.
5:38 of 1st period - Wrist shot by Peter Regin.
5:38 of 1st period - Stopped by Martin Brodeur without a rebound.
5:39 of 1st period - Pavel Datsyuk wins face-off versus Chris Drury in Wild zone.
7:54 of 1st period - Fedor Tyutin is hit by Eric Nystrom and loses puck.
8:53 of 1st period - Duncan Keith is hit by Vaclav Prospal and loses puck.
9:57 of 1st period - Snap shot by Jonathan Toews.
9:57 of 1st period - Stopped by Martin Brodeur without a rebound.
9:58 of 1st period - Chris Drury wins face-off versus Pavel Datsyuk in Wild zone.
10:14 of 1st period - Off-side.
10:15 of 1st period - Vaclav Prospal wins face-off versus Patrick Kaleta in neutral zone.
10:24 of 1st period - Snap shot by Matt Moulson.
10:24 of 1st period - Shot Blocked by Scott Niedermayer.
10:31 of 1st period - Snap shot by Patrick Kaleta.
10:31 of 1st period - Shot Misses the Net.
11:20 of 1st period - Rich Peverley is hit by Peter Regin and loses puck.
11:33 of 1st period - Eric Nystrom is hit by Pascal Dupuis.
11:51 of 1st period - Adam Burish is hit by Chris Drury and loses puck.
13:03 of 1st period - Snap shot by Olli Jokinen.
13:03 of 1st period - Shot Misses the Net.
13:05 of 1st period - Wrist shot by Patrick Kaleta.
13:05 of 1st period - Shot Misses the Net.
13:36 of 1st period - Alexei Kovalev is hit by Pavel Datsyuk.
14:29 of 1st period - Minor Penalty to Scott Niedermayer for Interference.
14:30 of 1st period - R.J. Umberger wins face-off versus Pavel Datsyuk in Oilers zone.
14:57 of 1st period - Christian Ehrhoff is hit by Alexei Kovalev and loses puck.
15:12 of 1st period - Rob Scuderi is hit by Alexei Kovalev and loses puck.
16:21 of 1st period - Daniel Briere is hit by Ilya Kovalchuk and loses puck.
16:29 of 1st period - Penalty to Scott Niedermayer is over, Scott Niedermayer is back on ice.
16:47 of 1st period - Ian White is hit by Rich Peverley and loses puck.
16:58 of 1st period - Toni Lydman is hit by Ian White and loses puck.
17:09 of 1st period - Snap shot by Cody McLeod.
17:09 of 1st period - Stopped by Cam Ward with a rebound.
17:25 of 1st period - Slapshot by Rich Peverley.
17:25 of 1st period - Shot Blocked by Eric Nystrom.
17:27 of 1st period - Snap shot by Niklas Kronwall.
17:27 of 1st period - Stopped by Cam Ward without a rebound.
17:28 of 1st period - Vaclav Prospal wins face-off versus Pavel Datsyuk in Oilers zone.
17:43 of 1st period - Snap shot by Pavel Datsyuk.
17:43 of 1st period - Shot Misses the Net.
17:50 of 1st period - Icing by Alexei Kovalev.
17:51 of 1st period - Vaclav Prospal wins face-off versus Peter Regin in Wild zone.
18:12 of 1st period - Wrist shot by Matt Moulson.
18:12 of 1st period - Deflect By Alexei Kovalev.
18:12 of 1st period - Shot Blocked by Duncan Keith.
18:12 of 1st period - Puck is out of play.
18:13 of 1st period - Pavel Datsyuk wins face-off versus Chris Drury in Oilers zone.
18:22 of 1st period - Wrist shot by Daniel Briere.
18:22 of 1st period - Shot Blocked by Scott Niedermayer.
18:24 of 1st period - Wrist shot by Daniel Briere.
18:24 of 1st period - Shot Blocked by Patrick Kane.
18:44 of 1st period - Slapshot by Scott Niedermayer.
18:44 of 1st period - Stopped by Martin Brodeur without a rebound.
18:45 of 1st period - Vaclav Prospal wins face-off versus Jonathan Toews in Wild zone.
18:50 of 1st period - Ilya Kovalchuk is hit by Fedor Tyutin.
19:18 of 1st period - Slapshot by Matt Moulson.
19:18 of 1st period - Goal by Matt Moulson - Wild : 1 - Oilers : 0.
19:19 of 1st period - Pavel Datsyuk wins face-off versus Chris Drury in neutral zone.
19:26 of 1st period - Wrist shot by Pavel Datsyuk.
19:26 of 1st period - Stopped by Martin Brodeur with a rebound.
Goals for this period are 1 for Wild vs 0 for Oilers.
Shots for this period are 3 for Wild vs 9 for Oilers.
2nd period
0:01 of 2nd period - Patrick Kane wins face-off versus Chris Drury in neutral zone.
0:22 of 2nd period - Minor Penalty to Tomas Fleischmann for Hooking.
0:23 of 2nd period - Chris Drury wins face-off versus Peter Regin in Oilers zone.
0:24 of 2nd period - Snap shot by Daniel Briere.
0:24 of 2nd period - Stopped by Cam Ward without a rebound.
0:25 of 2nd period - Peter Regin wins face-off versus Chris Drury in Oilers zone.
1:38 of 2nd period - Greg Zanon is hit by Peter Regin and loses puck.
2:14 of 2nd period - Ian White is hit by Daniel Briere and loses puck.
2:22 of 2nd period - Penalty to Tomas Fleischmann is over, Tomas Fleischmann is back on ice.
2:57 of 2nd period - Snap shot by Rich Peverley.
2:57 of 2nd period - Stopped by Cam Ward with a rebound.
2:59 of 2nd period - Wrist shot by Mark Eaton.
2:59 of 2nd period - Stopped by Cam Ward without a rebound.
3:00 of 2nd period - Pavel Datsyuk wins face-off versus Glen Metropolit in Oilers zone.
3:19 of 2nd period - Minor Penalty to Glen Metropolit for High sticking.
3:20 of 2nd period - Chris Drury wins face-off versus Jonathan Toews in Wild zone.
4:15 of 2nd period - Greg Zanon is hit by Scott Niedermayer and loses puck.
5:10 of 2nd period - Greg Zanon is hit by Tomas Fleischmann and loses puck.
5:19 of 2nd period - Penalty to Glen Metropolit is over, Glen Metropolit is back on ice.
6:12 of 2nd period - Snap shot by Daniel Briere.
6:12 of 2nd period - Stopped by Cam Ward with a rebound.
7:01 of 2nd period - Eric Nystrom is hit by Matt Moulson.
7:18 of 2nd period - Snap shot by Glen Metropolit.
7:18 of 2nd period - Shot Misses the Net.
7:20 of 2nd period - Minor Penalty to Tomas Fleischmann for Hooking.
7:21 of 2nd period - Chris Drury wins face-off versus Peter Regin in Oilers zone.
7:24 of 2nd period - Wrist shot by Chris Drury.
7:24 of 2nd period - Deflect By Rob Scuderi.
7:24 of 2nd period - Shot Blocked by Steve Begin.
7:24 of 2nd period - Puck is out of play.
7:25 of 2nd period - Chris Drury wins face-off versus Peter Regin in Oilers zone.
7:26 of 2nd period - Snap shot by Daniel Briere.
7:26 of 2nd period - Stopped by Cam Ward with a rebound.
7:28 of 2nd period - Backhand shot by Mark Eaton.
7:28 of 2nd period - Stopped by Cam Ward with a rebound.
7:59 of 2nd period - Steve Begin is hit by Mark Eaton and loses puck.
9:20 of 2nd period - Penalty to Tomas Fleischmann is over, Tomas Fleischmann is back on ice.
10:03 of 2nd period - Wrist shot by Pascal Dupuis.
10:03 of 2nd period - Stopped by Cam Ward without a rebound.
10:04 of 2nd period - Olli Jokinen wins face-off versus Fredrik Modin in Oilers zone.
10:11 of 2nd period - Slapshot by Patrick Kaleta.
10:11 of 2nd period - Shot Misses the Net.
10:13 of 2nd period - Snap shot by Scott Niedermayer.
10:13 of 2nd period - Shot Misses the Net.
10:15 of 2nd period - Snap shot by Scott Niedermayer.
10:15 of 2nd period - Stopped by Martin Brodeur without a rebound.
10:16 of 2nd period - Olli Jokinen wins face-off versus Chris Drury in Wild zone.
10:29 of 2nd period - Wrist shot by Chris Drury.
10:29 of 2nd period - Shot Misses the Net.
10:31 of 2nd period - Snap shot by R.J. Umberger.
10:31 of 2nd period - Shot Misses the Net.
10:33 of 2nd period - Slapshot by Greg Zanon.
10:33 of 2nd period - Goal by Greg Zanon - Wild : 2 - Oilers : 0.
10:34 of 2nd period - Jonathan Toews wins face-off versus Chris Drury in neutral zone.
10:37 of 2nd period - Slapshot by Adam Burish.
10:37 of 2nd period - Shot Misses the Net.
10:39 of 2nd period - Snap shot by Adam Burish.
10:39 of 2nd period - Deflect By Ilya Kovalchuk.
10:39 of 2nd period - Shot Misses the Net.
10:39 of 2nd period - Puck is out of play.
10:40 of 2nd period - Chris Drury wins face-off versus Jonathan Toews in Wild zone.
11:09 of 2nd period - Slapshot by Alexei Kovalev.
11:09 of 2nd period - Shot Blocked by Ian White.
12:50 of 2nd period - Snap shot by Ilya Kovalchuk.
12:50 of 2nd period - Stopped by Martin Brodeur without a rebound.
12:51 of 2nd period - Chris Drury wins face-off versus Jonathan Toews in Wild zone.
12:51 of 2nd period - Chris Drury is hit by Jonathan Toews.
13:18 of 2nd period - Pavel Datsyuk is hit by Pascal Dupuis and loses puck.
13:57 of 2nd period - Rob Scuderi is hit by Cody McLeod and loses puck.
14:37 of 2nd period - Wrist shot by Kristopher Letang.
14:37 of 2nd period - Stopped by Cam Ward with a rebound.
14:39 of 2nd period - Slapshot by Fedor Tyutin.
14:39 of 2nd period - Shot Misses the Net.
14:47 of 2nd period - Fredrik Modin is hit by Scott Niedermayer and loses puck.
14:54 of 2nd period - Tomas Fleischmann is hit by Fredrik Modin and loses puck.
15:29 of 2nd period - Snap shot by Anson Carter.
15:29 of 2nd period - Stopped by Cam Ward without a rebound.
15:30 of 2nd period - Jonathan Toews wins face-off versus Rich Peverley in Oilers zone.
15:37 of 2nd period - Rich Peverley is hit by Adam Burish.
15:45 of 2nd period - Slapshot by Fedor Tyutin.
15:45 of 2nd period - Shot Misses the Net.
15:47 of 2nd period - Wrist shot by Rich Peverley.
15:47 of 2nd period - Stopped by Cam Ward without a rebound.
15:48 of 2nd period - Pavel Datsyuk wins face-off versus Chris Drury in Oilers zone.
16:05 of 2nd period - Wrist shot by Daniel Briere.
16:05 of 2nd period - Stopped by Cam Ward with a rebound.
16:15 of 2nd period - Kristopher Letang is hit by Ilya Kovalchuk and loses puck.
16:40 of 2nd period - Wrist shot by Cody McLeod.
16:40 of 2nd period - Shot Blocked by Christian Ehrhoff.
16:42 of 2nd period - Snap shot by Anson Carter.
16:42 of 2nd period - Stopped by Cam Ward with a rebound.
16:44 of 2nd period - Slapshot by Niklas Kronwall.
16:44 of 2nd period - Stopped by Cam Ward with a rebound.
16:46 of 2nd period - Snap shot by Anson Carter.
16:46 of 2nd period - Stopped by Cam Ward without a rebound.
16:47 of 2nd period - Pavel Datsyuk wins face-off versus R.J. Umberger in Oilers zone.
16:52 of 2nd period - Snap shot by Pavel Datsyuk.
16:52 of 2nd period - Shot Blocked by Toni Lydman.
16:54 of 2nd period - Wrist shot by Patrick Kane.
16:54 of 2nd period - Stopped by Martin Brodeur without a rebound.
16:55 of 2nd period - Pavel Datsyuk wins face-off versus Chris Drury in Wild zone.
17:02 of 2nd period - Slapshot by Pavel Datsyuk.
17:02 of 2nd period - Stopped by Martin Brodeur without a rebound.
17:03 of 2nd period - Jonathan Toews wins face-off versus Chris Drury in Wild zone.
17:10 of 2nd period - Backhand shot by Ilya Kovalchuk.
17:10 of 2nd period - Shot Blocked by Fedor Tyutin.
17:34 of 2nd period - Slapshot by Pavel Datsyuk.
17:34 of 2nd period - Stopped by Martin Brodeur with a rebound.
17:57 of 2nd period - Icing by Olli Jokinen.
17:58 of 2nd period - Olli Jokinen wins face-off versus Glen Metropolit in Oilers zone.
18:39 of 2nd period - Snap shot by Patrick Kaleta.
18:39 of 2nd period - Shot Blocked by Greg Zanon.
18:41 of 2nd period - Snap shot by Olli Jokinen.
18:41 of 2nd period - Shot Misses the Net.
18:43 of 2nd period - Slapshot by Scott Niedermayer.
18:43 of 2nd period - Shot Blocked by Pascal Dupuis.
18:45 of 2nd period - Snap shot by Olli Jokinen.
18:45 of 2nd period - Stopped by Martin Brodeur with a rebound.
18:47 of 2nd period - Snap shot by Olli Jokinen.
18:47 of 2nd period - Stopped by Martin Brodeur with a rebound.
18:57 of 2nd period - Snap shot by Patrick Kaleta.
18:57 of 2nd period - Shot Blocked by Mark Eaton.
18:59 of 2nd period - Slapshot by Olli Jokinen.
18:59 of 2nd period - Stopped by Martin Brodeur with a rebound.
19:01 of 2nd period - Wrist shot by Eric Nystrom.
19:01 of 2nd period - Shot Blocked by Pascal Dupuis.
19:07 of 2nd period - Wrist shot by Patrick Kaleta.
19:07 of 2nd period - Shot Blocked by Fredrik Modin.
19:23 of 2nd period - Wrist shot by Patrick Kaleta.
19:23 of 2nd period - Shot Misses the Net.
19:25 of 2nd period - Minor Penalty to Glen Metropolit for Hooking.
19:26 of 2nd period - Chris Drury wins face-off versus Jonathan Toews in Wild zone.
Goals for this period are 1 for Wild vs 0 for Oilers.
Shots for this period are 15 for Wild vs 8 for Oilers.
3rd period
0:01 of 3rd period - Chris Drury wins face-off versus Pavel Datsyuk in neutral zone.
0:11 of 3rd period - Slapshot by Duncan Keith.
0:11 of 3rd period - Stopped by Martin Brodeur with a rebound.
0:13 of 3rd period - Slapshot by Scott Niedermayer.
0:13 of 3rd period - Stopped by Martin Brodeur without a rebound.
0:14 of 3rd period - Chris Drury wins face-off versus Ilya Kovalchuk in Wild zone.
0:14 of 3rd period - Chris Drury is hit by Jonathan Toews.
0:24 of 3rd period - Chris Drury is hit by Adam Burish and loses puck.
0:45 of 3rd period - Snap shot by Pavel Datsyuk.
0:45 of 3rd period - Shot Misses the Net.
0:47 of 3rd period - Snap shot by Patrick Kane.
0:47 of 3rd period - Stopped by Martin Brodeur without a rebound.
0:48 of 3rd period - Pavel Datsyuk wins face-off versus Chris Drury in Wild zone.
0:55 of 3rd period - Slapshot by Pavel Datsyuk.
0:55 of 3rd period - Shot Misses the Net.
0:57 of 3rd period - Snap shot by Tomas Fleischmann.
0:57 of 3rd period - Shot Hit the Post.
1:25 of 3rd period - Penalty to Glen Metropolit is over, Glen Metropolit is back on ice.
1:38 of 3rd period - Wrist shot by Matt Moulson.
1:38 of 3rd period - Shot Misses the Net.
2:26 of 3rd period - Greg Zanon is hit by Duncan Keith and loses puck.
2:39 of 3rd period - Jonathan Toews is hit by Fredrik Modin and loses puck.
3:24 of 3rd period - Wrist shot by Chris Drury.
3:24 of 3rd period - Shot Misses the Net.
3:38 of 3rd period - Snap shot by Anson Carter.
3:38 of 3rd period - Stopped by Cam Ward with a rebound.
3:40 of 3rd period - Wrist shot by Rich Peverley.
3:40 of 3rd period - Stopped by Cam Ward with a rebound.
3:42 of 3rd period - Snap shot by Rich Peverley.
3:42 of 3rd period - Shot Misses the Net.
3:44 of 3rd period - Snap shot by Anson Carter.
3:44 of 3rd period - Shot Blocked by Steve Staios.
3:46 of 3rd period - Slapshot by Fedor Tyutin.
3:46 of 3rd period - Deflect By Anson Carter.
3:46 of 3rd period - Deflect By Steve Staios.
3:46 of 3rd period - Stopped by Cam Ward with a rebound.
3:56 of 3rd period - Snap shot by Pavel Datsyuk.
3:56 of 3rd period - Shot Misses the Net.
4:02 of 3rd period - Scott Niedermayer is hit by Pascal Dupuis and loses puck.
4:15 of 3rd period - Scott Niedermayer is hit by R.J. Umberger and loses puck.
4:52 of 3rd period - Rich Peverley is hit by Ian White.
4:58 of 3rd period - Pavel Datsyuk is hit by Cody McLeod and loses puck.
5:13 of 3rd period - Snap shot by Jonathan Toews.
5:13 of 3rd period - Shot Misses the Net.
5:30 of 3rd period - Snap shot by Peter Regin.
5:30 of 3rd period - Goal by Peter Regin - Wild : 2 - Oilers : 1.
5:31 of 3rd period - Pavel Datsyuk wins face-off versus Chris Drury in neutral zone.
5:34 of 3rd period - Snap shot by Pavel Datsyuk.
5:34 of 3rd period - Stopped by Martin Brodeur without a rebound.
5:35 of 3rd period - Pavel Datsyuk wins face-off versus Chris Drury in Wild zone.
5:36 of 3rd period - Wrist shot by Patrick Kane.
5:36 of 3rd period - Stopped by Martin Brodeur with a rebound.
5:50 of 3rd period - Slapshot by Greg Zanon.
5:50 of 3rd period - Shot Misses the Net.
5:52 of 3rd period - Snap shot by Chris Drury.
5:52 of 3rd period - Shot Misses the Net.
5:58 of 3rd period - Minor Penalty to Pavel Datsyuk for High sticking.
5:59 of 3rd period - Chris Drury wins face-off versus Ilya Kovalchuk in Oilers zone.
6:02 of 3rd period - Snap shot by Chris Drury.
6:02 of 3rd period - Stopped by Cam Ward with a rebound.
6:06 of 3rd period - Wrist shot by Chris Drury.
6:06 of 3rd period - Stopped by Cam Ward without a rebound.
6:07 of 3rd period - Ilya Kovalchuk wins face-off versus Daniel Briere in Oilers zone.
6:22 of 3rd period - Slapshot by Steve Begin.
6:22 of 3rd period - Deflect By Peter Regin.
6:22 of 3rd period - Stopped by Martin Brodeur without a rebound.
6:23 of 3rd period - Ilya Kovalchuk wins face-off versus Chris Drury in Wild zone.
7:58 of 3rd period - Penalty to Pavel Datsyuk is over, Pavel Datsyuk is back on ice.
8:39 of 3rd period - Wrist shot by Anson Carter.
8:39 of 3rd period - Stopped by Cam Ward without a rebound.
8:40 of 3rd period - Pavel Datsyuk wins face-off versus Vaclav Prospal in Oilers zone.
8:53 of 3rd period - Tomas Fleischmann is hit by Matt Moulson and loses puck.
9:22 of 3rd period - Icing by Steve Staios.
9:23 of 3rd period - Jonathan Toews wins face-off versus Chris Drury in Oilers zone.
9:31 of 3rd period - Minor Penalty to Scott Niedermayer for Holding Stick.
9:32 of 3rd period - Peter Regin wins face-off versus Chris Drury in Oilers zone.
9:37 of 3rd period - Icing by Daniel Briere.
9:38 of 3rd period - Adam Burish wins face-off versus Chris Drury in Wild zone.
9:39 of 3rd period - Slapshot by Pavel Datsyuk.
9:39 of 3rd period - Stopped by Martin Brodeur without a rebound.
9:40 of 3rd period - Chris Drury wins face-off versus Pavel Datsyuk in Wild zone.
9:49 of 3rd period - Snap shot by Daniel Briere.
9:49 of 3rd period - Stopped by Cam Ward with a rebound.
10:07 of 3rd period - Slapshot by Fedor Tyutin.
10:07 of 3rd period - Stopped by Cam Ward without a rebound.
10:08 of 3rd period - Vaclav Prospal wins face-off versus Peter Regin in Oilers zone.
10:39 of 3rd period - Slapshot by Chris Drury.
10:39 of 3rd period - Stopped by Cam Ward with a rebound.
11:31 of 3rd period - Penalty to Scott Niedermayer is over, Scott Niedermayer is back on ice.
11:50 of 3rd period - Backhand shot by Scott Niedermayer.
11:50 of 3rd period - Shot Blocked by Greg Zanon.
11:52 of 3rd period - Slapshot by Steve Staios.
11:52 of 3rd period - Stopped by Martin Brodeur without a rebound.
11:53 of 3rd period - Rich Peverley wins face-off versus Pavel Datsyuk in Wild zone.
11:58 of 3rd period - Slapshot by Toni Lydman.
11:58 of 3rd period - Stopped by Cam Ward without a rebound.
11:59 of 3rd period - Rich Peverley wins face-off versus Pavel Datsyuk in Oilers zone.
12:13 of 3rd period - Wrist shot by Cody McLeod.
12:13 of 3rd period - Stopped by Cam Ward without a rebound.
12:14 of 3rd period - Chris Drury wins face-off versus Jonathan Toews in Oilers zone.
12:19 of 3rd period - Snap shot by Chris Drury.
12:19 of 3rd period - Stopped by Cam Ward with a rebound.
12:32 of 3rd period - Minor Penalty to Chris Drury for Holding.
12:33 of 3rd period - Jonathan Toews wins face-off versus Glen Metropolit in Wild zone.
12:40 of 3rd period - Snap shot by Ilya Kovalchuk.
12:40 of 3rd period - Stopped by Martin Brodeur without a rebound.
12:41 of 3rd period - Jonathan Toews wins face-off versus Glen Metropolit in Wild zone.
12:44 of 3rd period - Wrist shot by Jonathan Toews.
12:44 of 3rd period - Stopped by Martin Brodeur with a rebound.
12:46 of 3rd period - Snap shot by Jonathan Toews.
12:46 of 3rd period - Deflect By Adam Burish.
12:46 of 3rd period - Shot Misses the Net.
12:46 of 3rd period - Puck is out of play.
12:47 of 3rd period - Glen Metropolit wins face-off versus Tomas Fleischmann in Wild zone.
14:08 of 3rd period - Greg Zanon is hit by Jonathan Toews and loses puck.
14:32 of 3rd period - Penalty to Chris Drury is over, Chris Drury is back on ice.
14:55 of 3rd period - Glen Metropolit is hit by Rob Scuderi and loses puck.
15:04 of 3rd period - Slapshot by Glen Metropolit.
15:04 of 3rd period - Stopped by Cam Ward without a rebound.
15:05 of 3rd period - Vaclav Prospal wins face-off versus Olli Jokinen in Oilers zone.
15:08 of 3rd period - Snap shot by Alexei Kovalev.
15:08 of 3rd period - Shot Misses the Net.
15:27 of 3rd period - Icing by Scott Niedermayer.
15:28 of 3rd period - Olli Jokinen wins face-off versus Daniel Briere in Oilers zone.
15:37 of 3rd period - Wrist shot by Pavel Datsyuk.
15:37 of 3rd period - Stopped by Martin Brodeur without a rebound.
15:38 of 3rd period - Pavel Datsyuk wins face-off versus Chris Drury in Wild zone.
17:14 of 3rd period - Snap shot by Patrick Kaleta.
17:14 of 3rd period - Shot Misses the Net.
17:16 of 3rd period - Snap shot by Eric Nystrom.
17:16 of 3rd period - Stopped by Martin Brodeur without a rebound.
17:17 of 3rd period - Glen Metropolit wins face-off versus Pavel Datsyuk in Wild zone.
17:26 of 3rd period - Snap shot by Fredrik Modin.
17:26 of 3rd period - Shot Misses the Net.
17:28 of 3rd period - Snap shot by Pascal Dupuis.
17:28 of 3rd period - Shot Misses the Net.
17:30 of 3rd period - Wrist shot by Pascal Dupuis.
17:30 of 3rd period - Stopped by Cam Ward with a rebound.
17:32 of 3rd period - Slapshot by Mark Eaton.
17:32 of 3rd period - Stopped by Cam Ward with a rebound.
18:07 of 3rd period - Backhand shot by Steve Begin.
18:07 of 3rd period - Stopped by Martin Brodeur without a rebound.
18:08 of 3rd period - Peter Regin wins face-off versus Glen Metropolit in Wild zone.
18:09 of 3rd period - Snap shot by Lubos Bartecko.
18:09 of 3rd period - Stopped by Martin Brodeur without a rebound.
18:10 of 3rd period - Glen Metropolit wins face-off versus Pavel Datsyuk in Wild zone.
18:12 of 3rd period - Minor Penalty to Greg Zanon for Hooking.
18:13 of 3rd period - Jonathan Toews wins face-off versus Glen Metropolit in Wild zone.
18:41 of 3rd period - Snap shot by Patrick Kane.
18:41 of 3rd period - Goal by Patrick Kane - Wild : 2 - Oilers : 2.
18:42 of 3rd period - Pavel Datsyuk wins face-off versus Glen Metropolit in neutral zone.
18:55 of 3rd period - Wrist shot by Patrick Kane.
18:55 of 3rd period - Deflect By Pavel Datsyuk.
18:55 of 3rd period - Stopped by Martin Brodeur without a rebound.
18:56 of 3rd period - Pavel Datsyuk wins face-off versus Chris Drury in Wild zone.
19:09 of 3rd period - Snap shot by Patrick Kane.
19:09 of 3rd period - Deflect By Tomas Fleischmann.
19:09 of 3rd period - Stopped by Martin Brodeur with a rebound.
19:15 of 3rd period - Tomas Fleischmann is hit by R.J. Umberger.
19:53 of 3rd period - Rob Scuderi is hit by Alexei Kovalev and loses puck.
Goals for this period are 0 for Wild vs 2 for Oilers.
Shots for this period are 15 for Wild vs 18 for Oilers.
Overtime #1
0:01 of 1st overtime period - Pavel Datsyuk wins face-off versus Daniel Briere in neutral zone.
0:28 of 1st overtime period - Snap shot by Jonathan Toews.
0:28 of 1st overtime period - Shot Misses the Net.
0:31 of 1st overtime period - Icing by Daniel Briere.
0:32 of 1st overtime period - Daniel Briere wins face-off versus Jonathan Toews in Wild zone.
0:45 of 1st overtime period - Snap shot by Patrick Kane.
0:45 of 1st overtime period - Stopped by Martin Brodeur with a rebound.
2:00 of 1st overtime period - Wrist shot by Patrick Kane.
2:00 of 1st overtime period - Stopped by Martin Brodeur without a rebound.
2:01 of 1st overtime period - Daniel Briere wins face-off versus Jonathan Toews in Wild zone.
2:12 of 1st overtime period - Snap shot by Ian White.
2:12 of 1st overtime period - Shot Misses the Net.
2:14 of 1st overtime period - Snap shot by Ilya Kovalchuk.
2:14 of 1st overtime period - Shot Misses the Net.
2:16 of 1st overtime period - Snap shot by Jonathan Toews.
2:16 of 1st overtime period - Goal by Jonathan Toews - Wild : 2 - Oilers : 3.
Goals for this period are 0 for Wild vs 1 for Oilers.
Shots for this period are 0 for Wild vs 3 for Oilers.
Output by the SimonT Hockey Simulator (STHS) for François Prévost -- Original Page W3C XHTML 1.0 Valid